 Dungeon Crawl Stone Soup version 0.31.0-9-g3a7656b989 (webtiles) character file.

Game seed: 7409457031240253771

136 Aneyh the Slasher (level 5, 32/32 HPs)
             Began as a Tengu Monk on Jan 25, 2024.
             Got out of the dungeon alive.
             The game lasted 00:02:28 (1643 turns).

Aneyh the Slasher (Tengu Monk)                      Turns: 1643, Time: 00:02:29

Health: 32/32      AC:  2    Str: 11    XL:     5   Next: 19%
Magic:  6/6        EV: 14    Int: 12    God:
Gold:   137        SH:  5    Dex: 17    Spells: 4/4 levels left

rFire   . . .        a - +0 falchion
rCold   . . .        (no shield)
rNeg    . . .        b - +0 robe
rPois   .            (helmet restricted)
rElec   .            (no cloak)
rCorr   .            (no gloves)
SInv    .            (boots unavailable)
Will    .....        h - amulet of reflection
Stlth   ++           (no ring)
HPRegen 0.25/turn    (no ring)
MPRegen 0.10/turn

%: reflection, acrobat
@: no status effects
A: beak, talons 3, acrobatic
a: no special abilities


You escaped.
You visited 1 branch of the dungeon, and saw 3 of its levels.

You collected 137 gold pieces.

Inventory:

Hand Weapons
 a - a +0 falchion (weapon)
Armour
 b - a +0 robe (worn)
 d - an orb of light
 e - a +0 leather armour
Jewellery
 h - an amulet of reflection (around neck)
 l - a ring of flight
Scrolls
 g - 3 scrolls of identify {unknown}
 i - a scroll of noise {unknown}
 j - a scroll of amnesia {unknown}
 k - 3 scrolls of enchant weapon {unknown}
 m - a scroll of fog {unknown}
 n - a scroll of torment {unknown}
 o - a scroll of blinking {unknown}
Potions
 c - a potion of ambrosia
 f - 2 potions of degeneration {unknown}
 p - a potion of might {unknown}
 q - a potion of curing {unknown}


   Skills:
 + Level 3.4 Fighting
 + Level 4.8 Long Blades
 + Level 4.0 Dodging
 + Level 2.0 Stealth
 + Level 0.3 Shields


You had 4 spell levels left.
You didn't know any spells.
Your spell library was empty.

Dungeon Overview and Level Annotations

Branches:
Dungeon (3/15)

Altars:

Shops:
D:1 [

Annotations:
D:3 Natasha


Innate Abilities, Weirdness & Mutations

You have a beak for a mouth.
You have claws for feet.
You can magically evade attacks while moving or waiting.


Message History

Found 8 gold pieces.
There is a stone staircase leading up here.
You climb upwards.
There is a stone staircase leading down here.
There is a stone staircase leading down here.
You climb downwards.
Level annotation: Natasha
There is a stone staircase leading up here.
There are monsters nearby!
The helpless kobold fails to defend itself.
You hit the kobold. Your kick misses the kobold.
The kobold is moderately wounded.
The kobold hits you with a +0 whip.
You hit the kobold.
You kill the kobold!
The bat hits you.
Your Stealth skill increases to level 2!
You barely miss the bat. The bat closely misses you.
The bat completely misses you.
You closely miss the bat. Your peck misses the bat. The bat closely misses you.
You closely miss the bat. Your kick misses the bat. The bat barely misses you.
A bat is nearby!
There are no items here.
Annotate which branch? (. - D:3, ? - help, ! - show branch list)
Okay, then.
A bat is nearby!
You can't go up here!
You closely miss the bat. You claw the bat.
You kill the bat!
There is a stone staircase leading up here.
You climb upwards.
There is a stone staircase leading down here.
There is a stone staircase leading down here.
There is a stone staircase leading up here.
You climb upwards.
There is a stone staircase leading down here.
HP restored.
There is an open door here.
There is a staircase leading out of the dungeon here.
You have escaped!

#.###...###.#
#.#.......#.#
#.#.8.#.8.#.#
#.....#.....#
#....###....#
####..#..####
#..'.....'..#
#..###'###..#
#@.#....[#..#
#############


There were no monsters in sight!

Vanquished Creatures
  A hound (D:2)
  Natasha (D:3)
  An orc wizard (D:2)
  An adder (D:2)
  A ribbon worm (D:2)
  2 orcs (D:2)
  4 endoplasms
  8 goblins
  6 hobgoblins
  6 ball pythons
  4 bats
  3 frilled lizards
  6 kobolds
  2 rats (D:1)
46 creatures vanquished.

Notes
Turn   | Place    | Note
-------+----------+-------------------------------------------
     0 | D:1      | Aneyh the Tengu Monk began the quest for the Orb.
     0 | D:1      | Reached XP level 1. HP: 14/14 MP: 2/2
    87 | D:1      | Found Babom's Armour Shop.
   280 | D:1      | Reached XP level 2. HP: 19/19 MP: 3/3
   995 | D:2      | Reached XP level 3. HP: 23/23 MP: 4/4
  1015 | D:2      | Reached skill level 1 in Stealth
  1162 | D:2      | Reached XP level 4. HP: 21/28 MP: 5/5
  1541 | D:3      | Noticed Natasha
  1544 | D:3      | Killed Natasha
  1544 | D:3      | Noticed Natasha
  1545 | D:3      | Reached XP level 5. HP: 32/32 MP: 6/6
  1643 | D:$      | Got out of the dungeon alive.

Illustrated notes

Levels and vault maps discovered:
D:1:      dpeg_arrival_court, layout_loops_ring, serial_bayou,
          serial_bayou_pond_c, serial_bayou_lagoon_b, serial_bayou_lagoon_a,
          serial_bayou_ford_a, serial_shops, nicolae_shop_gibbet_a_chance
D:2:      cheibrodos_greedy_goblins, layout_loops_cross, minmay_bisected
D:3:      layout_rooms, mainiacjoe_overflow_alcove_1, uniq_natasha

Skill      XL: |  1  2  3  4  5 |
---------------+----------------+-----
Stealth        | 1 2 |  2.0
Long Blades    | 4 |  4.8
Dodging        | 4 |  4.0
Fighting       | |  3.4
Shields        | |  0.3

Action                     |  1- 3 |  4- 6 || total
---------------------------+-------+-------++-------
  Melee: Falchion          |    70 |    35 ||   105
         Kick              |    10 |    10 ||    20
         Peck              |     7 |     8 ||    15
   Stab: Sleeping          |     3 |     3 ||     6
         Distracted        |     1 |       ||     1
 Armour: Robe              |    12 |    18 ||    30
  Dodge: Dodged            |    39 |    22 ||    61
  Block: Other             |    14 |     6 ||    20
